National vs Demolitions (R1)

Created - 25 janvier 2013 at 23:39

Goals
1 2 3 T
National 1 1 0 2
Demolitions 2 2 0 4
Shots
1 2 3 T
National 15 21 3 39
Demolitions 13 15 8 36

1st period

1. Demolitions , Jeremy Williams 12 (Nikolai Zherdev) at 3:10
2. National , Rico Fata 13 (Jarod Palmer, Dustin Kohn) at 7:15
3. Demolitions , Brandon Bochenski 11 (Anton Babchuk, James Sheppard) at 12:11

Penalties :
Taylor Chorney (Vic) for Tripping (Minor) at 2:55, William Colbert (Que) for Tripping (Minor) at 2:55, Nikolai Zherdev (Vic) for Holding (Minor) at 18:43

2nd period

4. Demolitions , Nicolas Blanchard 4 (Anthony Stewart, Masi Marjamaki) at 2:10
5. Demolitions , Jeremy Williams 13 (Janne Niskala, Petr Vrana) at 9:07
6. National , Ben Maxwell 3 (Igor Makarov, Dustin Kohn) at 11:36

Penalties :
Dennis Seidenberg (Vic) for Tripping (Minor) at 2:11, Vladimir Mihalik (Vic) for Interference (Minor) at 16:49

3rd period

No Goal

Penalties :
Ben Maxwell (Que) for Hooking (Minor) at 7:21, Alex Grant (Que) for Roughing (Minor) at 10:03, Brad Richardson (Vic) for Hooking (Minor) at 16:41, Mathieu Carle (Que) for Tripping (Minor) at 16:41

Goalie Stats

Steve Shields (Que), 32 saves from 36 shots - (0,889), L, 7-13-3, 60:00 minutes
Antero Niittymaki (Vic), 37 saves from 39 shots - (0,949), W, 7-8-2, 60:00 minutes

Players Stats for National

Player Name              G  A  P  +/- PIM S  H  SB GA TA FO     MP     PP MP  PK MP  
------------------------------------------------------------------------------------
Alex Grant               0  0  0   0  2   0  0  0  0  0  0/0     6:15   0:00   0:00 
Ben Maxwell              1  0  1   0  2   5  1  1  1  1  2/6    15:12   0:12   0:09 
Cédric Lalonde-McNicoll  0  0  0   0  0   2  1  1  0  0  11/24  17:09   3:03   0:22 
Daniel Rahimi            0  0  0   0  0   1  0  2  0  0  0/0    10:30   0:00   0:00 
Dustin Kohn              0  2  2   1  0   2  0  3  0  1  0/0    19:12   2:16   1:55 
Eric Boulton             0  0  0  -1  0   2  1  2  2  1  2/7    23:28   3:03   1:41 
Erik Gustafsson          0  0  0  -1  0   0  1  0  0  0  0/0    12:21   0:00   0:00 
Guillaume Desbiens       0  0  0  -1  0   6  3  0  0  0  0/0    19:11   2:42   0:51 
Igor Makarov             0  1  1   0  0   2  0  1  0  0  0/0    15:01   0:12   0:00 
James Marcou             0  0  0   0  0   0  0  0  0  0  0/0     5:43   0:12   0:00 
Jarod Palmer             0  1  1  -1  0   0  1  1  0  0  7/14   16:54   2:42   0:00 
Jonathan Cheechoo        0  0  0   0  0   3  3  0  1  0  1/1    18:57   3:03   0:51 
Maksim Mayorov           0  0  0   0  0   0  1  0  0  0  0/0    13:36   0:00   1:08 
Mathieu Carle            0  0  0  -3  2   2  4  0  1  0  0/0    23:31   3:41   2:03 
Peter Leblanc            0  0  0   0  0   0  0  0  0  0  0/0     0:00   0:00   0:00 
Philip DeSimone          0  0  0   0  0   0  0  0  0  0  0/0     5:49   0:00   1:11 
Rico Fata                1  0  1  -2  0   10 1  0  2  0  1/1    20:44   2:42   1:43 
Ty Wishart               0  0  0   1  0   2  0  1  0  0  0/0    19:12   2:16   1:55 
William Colbert          0  0  0  -2  2   2  2  2  0  0  0/0    23:04   3:41   2:03 
Yuri Alexandrov          0  0  0   0  0   0  0  0  0  0  0/0     6:11   0:00   0:00 

Players Stats for Demolitions

Player Name              G  A  P  +/- PIM S  H  SB GA TA FO     MP     PP MP  PK MP  
------------------------------------------------------------------------------------
Andy Rogers              0  0  0   0  0   0  1  1  0  1  0/0    21:29   2:00   2:18 
Anthony Stewart          0  1  1   1  0   6  0  0  0  0  0/0    11:21   0:00   0:00 
Anton Babchuk            0  1  1   0  0   0  1  0  0  0  0/0    21:11   2:00   2:18 
Brad Richardson          0  0  0  -2  2   0  2  0  0  0  12/19  21:23   1:56   2:23 
Brandon Bochenski        1  0  1   1  0   4  0  0  0  0  0/0     8:49   0:00   0:00 
Dennis Seidenberg        0  0  0   2  2   2  3  2  0  2  0/0    23:16   1:58   2:10 
James Sheppard           0  1  1   1  0   3  0  0  0  0  1/2     7:33   0:00   0:00 
Janne Niskala            0  1  1   2  0   5  3  0  0  0  0/0    26:29   1:58   3:39 
Jeremy Williams          2  0  2   2  0   4  2  0  0  1  1/2    19:47   2:02   3:34 
Josh Beaulieu            0  0  0   0  0   0  0  0  0  0  0/0     1:05   0:00   1:02 
Marc-André Bernier       0  0  0   0  0   0  0  0  0  0  0/0     0:00   0:00   0:00 
Marco Sturm              0  0  0  -2  0   0  1  1  0  0  3/4    20:21   1:56   1:21 
Masi Marjamaki           0  1  1   1  0   3  1  0  0  0  1/3    12:20   0:00   1:35 
Nicolas Blanchard        1  0  1   1  0   2  1  0  0  0  1/2     9:51   0:00   0:00 
Nikolai Zherdev          0  1  1  -1  2   2  3  0  2  1  5/7    20:44   1:56   1:59 
Petr Vrana               0  1  1   1  0   1  2  0  1  0  0/1    13:48   2:02   0:00 
Robert Bortuzzo          0  0  0   0  0   0  0  0  0  0  0/0     2:59   0:00   0:42 
Robert Klinkhammer       0  0  0   1  0   0  0  0  0  0  0/0     7:33   0:00   0:00 
Ryan Craig               0  0  0   1  0   3  0  0  0  0  5/13   13:48   2:02   0:00 
Taylor Chorney           0  0  0   0  2   0  0  0  0  0  0/0    12:14   0:00   0:00 
Vladimir Mihalik         0  0  0   0  2   1  1  1  0  2  0/0    13:59   0:00   0:47 

3 Stars

1 - Jeremy Williams (Vic)
2 - Antero Niittymaki (Vic)
3 - Dustin Kohn (Que)

Power Play

National - 0 on 3 Attempt(s) - 0,00%
Demolitions - 0 on 2 Attempt(s) - 0,00%

Penalty Kill

National - 2 on 2 Attempt(s) - 100,00% - Score 0 goal in Penalty Kill
Demolitions - 3 on 3 Attempt(s) - 100,00% - Score 0 goal in Penalty Kill

Official

Referees : Dwyer Gord and Marouelli Dan
Linesman : Steve Barton and Brian Murphy

Game Notes

No Game Note

National

5 vs 5 Forward 
   Center                   Left Wing                Right Wing               Time % Phy DF OF 
 1 Cédric Lalonde-McNicoll  Eric Boulton             Jonathan Cheechoo        40     1   2  2  
 2 Jarod Palmer             Rico Fata                Guillaume Desbiens       30     1   2  2  
 3 Ben Maxwell              Maksim Mayorov           Igor Makarov             20     1   2  2  
 4 Philip DeSimone          Eric Boulton             James Marcou             10     1   2  2  

5 vs 5 Defense 
   Defense                  Defense                                           Time % Phy DF OF 
 1 William Colbert          Mathieu Carle                                     40     1   2  2  
 2 Dustin Kohn              Ty Wishart                                        30     1   2  2  
 3 Erik Gustafsson          Daniel Rahimi                                     20     1   2  2  
 4 Yuri Alexandrov          Alex Grant                                        10     1   2  2  

PowerPlay Forward 
   Center                   Left Wing                Right Wing               Time % Phy DF OF 
 1 Cédric Lalonde-McNicoll  Eric Boulton             Jonathan Cheechoo        60     1   2  2  
 2 Jarod Palmer             Rico Fata                Guillaume Desbiens       40     1   2  2  

PowerPlay Defense
   Defense                  Defense                                           Time % Phy DF OF 
 1 William Colbert          Mathieu Carle                                     60     1   2  2  
 2 Dustin Kohn              Ty Wishart                                        40     1   2  2  

Penalty Kill 4 Players Forward 
   Center                   Wing                     Time % Phy DF OF 
 1 Eric Boulton             Rico Fata                60     1   2  2  
 2 Jonathan Cheechoo        Guillaume Desbiens       40     1   2  2  

Penalty Kill 4 Players Defense
   Defense                  Defense                  Time % Phy DF OF 
 1 William Colbert          Mathieu Carle            60     1   2  2  
 2 Dustin Kohn              Ty Wishart               40     1   2  2  

Penalty Kill - 3 Players Forward 
   Forward                                           Time % Phy DF OF 
 1 Eric Boulton                                      60     1   2  2  
 2 Rico Fata                                         40     1   2  2  

Penalty Kill - 3 Players Defense
   Defense                  Defense                  Time % Phy DF OF 
 1 William Colbert          Mathieu Carle            60     1   2  2  
 2 Dustin Kohn              Ty Wishart               40     1   2  2  

4 vs 4 Forward 
   Center                   Wing                     Time % Phy DF OF 
 1 Eric Boulton             Rico Fata                60     1   2  2  
 2 Jonathan Cheechoo        Guillaume Desbiens       40     1   2  2  

4 vs 4 Defense
   Defense                  Defense                  Time % Phy DF OF 
 1 William Colbert          Mathieu Carle            60     1   2  2  
 2 Dustin Kohn              Ty Wishart               40     1   2  2  

Last Minutes Offensive
   Center                   Left Wing                Right Wing               Defense                  Defense                  
   Cédric Lalonde-McNicoll  Eric Boulton             Jonathan Cheechoo        William Colbert          Mathieu Carle            

Last Minutes Defensive
   Center                   Left Wing                Right Wing               Defense                  Defense                  
   Cédric Lalonde-McNicoll  Eric Boulton             Jonathan Cheechoo        William Colbert          Mathieu Carle            

Goaltenders
Starting : Steve Shields            
Backup : Jeff Frazee              

Extra Forwards
Normal : Igor Makarov, Ben Maxwell, Philip DeSimone - PP : Igor Makarov, Ben Maxwell - PK : Philip DeSimone
Extra Defensemen
Normal : Erik Gustafsson, Daniel Rahimi, Yuri Alexandrov - PP : Erik Gustafsson - PK : Daniel Rahimi, Yuri Alexandrov
Penalty Shots
Eric Boulton, Rico Fata, Jonathan Cheechoo, Guillaume Desbiens, Igor Makarov

Demolitions

5 vs 5 Forward 
   Center                   Left Wing                Right Wing               Time % Phy DF OF 
 1 Brad Richardson          Marco Sturm              Nikolai Zherdev          40     1   2  2  
 2 Ryan Craig               Petr Vrana               Jeremy Williams          30     1   2  2  
 3 Nicolas Blanchard        Masi Marjamaki           Anthony Stewart          20     1   2  2  
 4 James Sheppard           Robert Klinkhammer       Brandon Bochenski        10     1   2  2  

5 vs 5 Defense 
   Defense                  Defense                                           Time % Phy DF OF 
 1 Janne Niskala            Dennis Seidenberg                                 40     1   2  2  
 2 Andy Rogers              Anton Babchuk                                     30     1   2  2  
 3 Taylor Chorney           Vladimir Mihalik                                  20     1   2  2  
 4 Robert Bortuzzo          Janne Niskala                                     10     1   2  2  

PowerPlay Forward 
   Center                   Left Wing                Right Wing               Time % Phy DF OF 
 1 Brad Richardson          Marco Sturm              Nikolai Zherdev          60     1   2  2  
 2 Ryan Craig               Petr Vrana               Jeremy Williams          40     1   2  2  

PowerPlay Defense
   Defense                  Defense                                           Time % Phy DF OF 
 1 Janne Niskala            Dennis Seidenberg                                 60     1   2  2  
 2 Andy Rogers              Anton Babchuk                                     40     1   2  2  

Penalty Kill 4 Players Forward 
   Center                   Wing                     Time % Phy DF OF 
 1 Nikolai Zherdev          Jeremy Williams          60     1   2  2  
 2 Brad Richardson          Marco Sturm              40     1   2  2  

Penalty Kill 4 Players Defense
   Defense                  Defense                  Time % Phy DF OF 
 1 Janne Niskala            Dennis Seidenberg        60     1   2  2  
 2 Andy Rogers              Anton Babchuk            40     1   2  2  

Penalty Kill - 3 Players Forward 
   Forward                                           Time % Phy DF OF 
 1 Nikolai Zherdev                                   60     1   2  2  
 2 Jeremy Williams                                   40     1   2  2  

Penalty Kill - 3 Players Defense
   Defense                  Defense                  Time % Phy DF OF 
 1 Janne Niskala            Dennis Seidenberg        60     1   2  2  
 2 Andy Rogers              Anton Babchuk            40     1   2  2  

4 vs 4 Forward 
   Center                   Wing                     Time % Phy DF OF 
 1 Nikolai Zherdev          Jeremy Williams          60     1   2  2  
 2 Brad Richardson          Marco Sturm              40     1   2  2  

4 vs 4 Defense
   Defense                  Defense                  Time % Phy DF OF 
 1 Janne Niskala            Dennis Seidenberg        60     1   2  2  
 2 Andy Rogers              Anton Babchuk            40     1   2  2  

Last Minutes Offensive
   Center                   Left Wing                Right Wing               Defense                  Defense                  
   Brad Richardson          Marco Sturm              Nikolai Zherdev          Janne Niskala            Dennis Seidenberg        

Last Minutes Defensive
   Center                   Left Wing                Right Wing               Defense                  Defense                  
   Brad Richardson          Marco Sturm              Nikolai Zherdev          Janne Niskala            Dennis Seidenberg        

Goaltenders
Starting : Antero Niittymaki        
Backup : Sergei Bobrovsky         

Extra Forwards
Normal : Anthony Stewart, Brandon Bochenski, Masi Marjamaki - PP : Anthony Stewart, Brandon Bochenski - PK : Masi Marjamaki
Extra Defensemen
Normal : Taylor Chorney, Vladimir Mihalik, Robert Bortuzzo - PP : Taylor Chorney - PK : Vladimir Mihalik, Robert Bortuzzo
Penalty Shots
Nikolai Zherdev, Jeremy Williams, Brad Richardson, Marco Sturm, Anthony Stewart

% Time on Ice - National

Lines # - Real PCT - Wanted PCT - Time Play
Normal Forward
1 - 33% - 40% - 15:13
2 - 31% - 30% - 14:13
3 - 27% - 20% - 12:21
4 - 9% - 10% - 4:20
Normal Defense
1 - 36% - 40% - 16:32
2 - 28% - 30% - 13:08
3 - 22% - 20% - 10:16
4 - 13% - 10% - 6:11
PP Forward
1 - 55% - 60% - 3:15
2 - 45% - 40% - 2:42
PP Defense
1 - 62% - 60% - 3:41
2 - 38% - 40% - 2:16
PK Forward
1 - 79% - 60% - 3:07
2 - 21% - 40% - 0:51
PK Defense
1 - 52% - 60% - 2:03
2 - 48% - 40% - 1:55
PK3 Forward
1 - 0% - 60%
2 - 0% - 40%
PK3 Defense
1 - 0% - 60%
2 - 0% - 40%
44 Forward
1 - 64% - 60% - 2:33
2 - 36% - 40% - 1:25
44 Defense
1 - 53% - 60% - 2:05
2 - 47% - 40% - 1:53
Last Minute Offensive  - 0:00
Last Minute Defensive  - 0:00
Total
Forward - 60:00
Defense - 60:00

% Time on Ice - Demolitions

Lines # - Real PCT - Wanted PCT - Time Play
Normal Forward
1 - 33% - 40% - 15:26
2 - 29% - 30% - 13:17
3 - 21% - 20% - 9:51
4 - 16% - 10% - 7:33
Normal Defense
1 - 35% - 40% - 16:14
2 - 34% - 30% - 15:34
3 - 26% - 20% - 12:02
4 - 5% - 10% - 2:17
PP Forward
1 - 49% - 60% - 1:56
2 - 51% - 40% - 2:02
PP Defense
1 - 50% - 60% - 1:58
2 - 50% - 40% - 2:00
PK Forward
1 - 77% - 60% - 4:36
2 - 23% - 40% - 1:21
PK Defense
1 - 61% - 60% - 3:39
2 - 39% - 40% - 2:18
PK3 Forward
1 - 0% - 60%
2 - 0% - 40%
PK3 Defense
1 - 0% - 60%
2 - 0% - 40%
44 Forward
1 - 67% - 60% - 2:40
2 - 33% - 40% - 1:18
44 Defense
1 - 67% - 60% - 2:39
2 - 33% - 40% - 1:19
Last Minute Offensive  - 0:00
Last Minute Defensive  - 0:00
Total
Forward - 60:00
Defense - 60:00

Play by Play

1st period


0:01 of 1st period - Brad Richardson wins face-off versus Eric Boulton in neutral zone.
0:27 of 1st period - Rico Fata is hit by Petr Vrana and loses puck.
1:23 of 1st period - Daniel Rahimi is hit by Janne Niskala.
1:45 of 1st period - Snap shot by Petr Vrana.
1:45 of 1st period - Shot Misses the Net.
2:39 of 1st period - Slapshot by Igor Makarov.
2:39 of 1st period - Stopped by Antero Niittymaki with a rebound.
2:50 of 1st period - Slapshot by Marco Sturm.
2:50 of 1st period - Shot Hit the Post.
2:55 of 1st period - Minor Penalty to Taylor Chorney for Tripping.
2:55 of 1st period - Minor Penalty to William Colbert for Tripping.
2:56 of 1st period - Nikolai Zherdev wins face-off versus Eric Boulton in National zone.
2:59 of 1st period - Slapshot by Nikolai Zherdev.
2:59 of 1st period - Shot Misses the Net.
3:04 of 1st period - Off-side.
3:05 of 1st period - Nikolai Zherdev wins face-off versus Eric Boulton in neutral zone.
3:10 of 1st period - Wrist shot by Jeremy Williams.
3:10 of 1st period - Goal by Jeremy Williams - National : 0 - Demolitions : 1.
3:11 of 1st period - Eric Boulton wins face-off versus Nikolai Zherdev in neutral zone.
4:11 of 1st period - Snap shot by Guillaume Desbiens.
4:11 of 1st period - Stopped by Antero Niittymaki with a rebound.
4:29 of 1st period - Dustin Kohn is hit by Janne Niskala and loses puck.
4:52 of 1st period - Igor Makarov is hit by Dennis Seidenberg and loses puck.
4:55 of 1st period - Penalty to Taylor Chorney is over, Taylor Chorney is back on ice.
4:55 of 1st period - Penalty to William Colbert is over, William Colbert is back on ice.
5:07 of 1st period - Wrist shot by William Colbert.
5:07 of 1st period - Stopped by Antero Niittymaki without a rebound.
5:08 of 1st period - Ryan Craig wins face-off versus Cédric Lalonde-McNicoll in Demolitions zone.
5:12 of 1st period - Off-side.
5:13 of 1st period - Ryan Craig wins face-off versus Cédric Lalonde-McNicoll in neutral zone.
5:27 of 1st period - Wrist shot by Jeremy Williams.
5:27 of 1st period - Shot Misses the Net.
5:37 of 1st period - Wrist shot by Jonathan Cheechoo.
5:37 of 1st period - Shot Misses the Net.
6:03 of 1st period - Slapshot by Janne Niskala.
6:03 of 1st period - Deflect By Igor Makarov.
6:03 of 1st period - Stopped by Steve Shields without a rebound.
6:04 of 1st period - Jarod Palmer wins face-off versus Ryan Craig in National zone.
6:04 of 1st period - Rico Fata is hit by Jeremy Williams and loses puck.
6:18 of 1st period - Snap shot by Guillaume Desbiens.
6:18 of 1st period - Stopped by Antero Niittymaki with a rebound.
6:40 of 1st period - Eric Boulton is hit by Nikolai Zherdev and loses puck.
7:03 of 1st period - Slapshot by William Colbert.
7:03 of 1st period - Deflect By Ben Maxwell.
7:03 of 1st period - Stopped by Antero Niittymaki without a rebound.
7:04 of 1st period - Jarod Palmer wins face-off versus Brad Richardson in Demolitions zone.
7:07 of 1st period - Slapshot by Guillaume Desbiens.
7:07 of 1st period - Stopped by Antero Niittymaki with a rebound.
7:09 of 1st period - Snap shot by Dustin Kohn.
7:09 of 1st period - Shot Blocked by Marco Sturm.
7:11 of 1st period - Backhand shot by Dustin Kohn.
7:11 of 1st period - Stopped by Antero Niittymaki with a rebound.
7:13 of 1st period - Slapshot by Jarod Palmer.
7:13 of 1st period - Shot Blocked by Vladimir Mihalik.
7:15 of 1st period - Snap shot by Rico Fata.
7:15 of 1st period - Goal by Rico Fata - National : 1 - Demolitions : 1.
7:16 of 1st period - Brad Richardson wins face-off versus Cédric Lalonde-McNicoll in neutral zone.
7:19 of 1st period - Wrist shot by Brad Richardson.
7:19 of 1st period - Shot Blocked by Ty Wishart.
7:25 of 1st period - Wrist shot by Brad Richardson.
7:25 of 1st period - Shot Blocked by Eric Boulton.
7:29 of 1st period - Wrist shot by Marco Sturm.
7:29 of 1st period - Shot Hit the Post.
7:31 of 1st period - Wrist shot by Janne Niskala.
7:31 of 1st period - Stopped by Steve Shields with a rebound.
7:41 of 1st period - Jonathan Cheechoo is hit by Janne Niskala and loses puck.
7:48 of 1st period - Snap shot by Anthony Stewart.
7:48 of 1st period - Shot Blocked by Dustin Kohn.
7:50 of 1st period - Slapshot by Anthony Stewart.
7:50 of 1st period - Shot Blocked by Dustin Kohn.
7:54 of 1st period - Wrist shot by Anthony Stewart.
7:54 of 1st period - Stopped by Steve Shields with a rebound.
8:04 of 1st period - Wrist shot by Rico Fata.
8:04 of 1st period - Shot Blocked by Andy Rogers.
8:06 of 1st period - Snap shot by Rico Fata.
8:06 of 1st period - Stopped by Antero Niittymaki with a rebound.
8:08 of 1st period - Snap shot by Rico Fata.
8:08 of 1st period - Shot Misses the Net.
8:14 of 1st period - Snap shot by Rico Fata.
8:14 of 1st period - Stopped by Antero Niittymaki without a rebound.
8:15 of 1st period - Nikolai Zherdev wins face-off versus Ben Maxwell in Demolitions zone.
8:37 of 1st period - Icing by Nikolai Zherdev.
8:38 of 1st period - Marco Sturm wins face-off versus Jarod Palmer in Demolitions zone.
8:43 of 1st period - Wrist shot by Jeremy Williams.
8:43 of 1st period - Stopped by Steve Shields with a rebound.
8:49 of 1st period - Wrist shot by Ryan Craig.
8:49 of 1st period - Stopped by Steve Shields with a rebound.
9:03 of 1st period - William Colbert is hit by Nicolas Blanchard and loses puck.
9:24 of 1st period - Vladimir Mihalik is hit by Mathieu Carle and loses puck.
9:29 of 1st period - Backhand shot by Mathieu Carle.
9:29 of 1st period - Stopped by Antero Niittymaki with a rebound.
9:31 of 1st period - Slapshot by Mathieu Carle.
9:31 of 1st period - Deflect By Igor Makarov.
9:31 of 1st period - Deflect By Taylor Chorney.
9:31 of 1st period - Shot Misses the Net.
9:31 of 1st period - Puck is out of play.
9:32 of 1st period - Jarod Palmer wins face-off versus Ryan Craig in Demolitions zone.
9:35 of 1st period - Snap shot by Rico Fata.
9:35 of 1st period - Shot Misses the Net.
9:37 of 1st period - Snap shot by Rico Fata.
9:37 of 1st period - Stopped by Antero Niittymaki with a rebound.
9:39 of 1st period - Wrist shot by Guillaume Desbiens.
9:39 of 1st period - Shot Misses the Net.
9:57 of 1st period - Janne Niskala is hit by Jonathan Cheechoo and loses puck.
10:08 of 1st period - Slapshot by Marco Sturm.
10:08 of 1st period - Shot Blocked by Cédric Lalonde-McNicoll.
10:20 of 1st period - Snap shot by Brandon Bochenski.
10:20 of 1st period - Stopped by Steve Shields without a rebound.
10:21 of 1st period - James Sheppard wins face-off versus Ben Maxwell in National zone.
11:11 of 1st period - Wrist shot by Brandon Bochenski.
11:11 of 1st period - Stopped by Steve Shields with a rebound.
11:13 of 1st period - Slapshot by Anton Babchuk.
11:13 of 1st period - Shot Misses the Net.
11:15 of 1st period - Slapshot by Anton Babchuk.
11:15 of 1st period - Deflect By James Sheppard.
11:15 of 1st period - Stopped by Steve Shields with a rebound.
12:09 of 1st period - Wrist shot by Brandon Bochenski.
12:09 of 1st period - Shot Blocked by William Colbert.
12:11 of 1st period - Snap shot by Brandon Bochenski.
12:11 of 1st period - Goal by Brandon Bochenski - National : 1 - Demolitions : 2.
12:12 of 1st period - Brad Richardson wins face-off versus Cédric Lalonde-McNicoll in neutral zone.
12:19 of 1st period - Wrist shot by Jonathan Cheechoo.
12:19 of 1st period - Shot Misses the Net.
12:41 of 1st period - Snap shot by Petr Vrana.
12:41 of 1st period - Deflect By Ryan Craig.
12:41 of 1st period - Stopped by Steve Shields without a rebound.
12:42 of 1st period - Jarod Palmer wins face-off versus Ryan Craig in National zone.
12:54 of 1st period - Wrist shot by Jeremy Williams.
12:54 of 1st period - Stopped by Steve Shields without a rebound.
12:55 of 1st period - Cédric Lalonde-McNicoll wins face-off versus Brad Richardson in National zone.
14:08 of 1st period - Eric Boulton is hit by Nikolai Zherdev and loses puck.
15:18 of 1st period - Off-side.
15:19 of 1st period - Jarod Palmer wins face-off versus James Sheppard in neutral zone.
15:26 of 1st period - Snap shot by Guillaume Desbiens.
15:26 of 1st period - Stopped by Antero Niittymaki without a rebound.
15:27 of 1st period - Cédric Lalonde-McNicoll wins face-off versus Brad Richardson in Demolitions zone.
15:40 of 1st period - Icing by Jonathan Cheechoo.
15:41 of 1st period - Cédric Lalonde-McNicoll wins face-off versus Ryan Craig in National zone.
15:44 of 1st period - Slapshot by Jeremy Williams.
15:44 of 1st period - Shot Misses the Net.
16:02 of 1st period - Wrist shot by Jonathan Cheechoo.
16:02 of 1st period - Stopped by Antero Niittymaki without a rebound.
16:03 of 1st period - Brad Richardson wins face-off versus Jarod Palmer in Demolitions zone.
16:28 of 1st period - Nikolai Zherdev is hit by Jonathan Cheechoo and loses puck.
16:58 of 1st period - Wrist shot by Nikolai Zherdev.
16:58 of 1st period - Stopped by Steve Shields without a rebound.
16:59 of 1st period - Ryan Craig wins face-off versus Cédric Lalonde-McNicoll in National zone.
18:39 of 1st period - Snap shot by Guillaume Desbiens.
18:39 of 1st period - Stopped by Antero Niittymaki without a rebound.
18:40 of 1st period - Brad Richardson wins face-off versus Jarod Palmer in Demolitions zone.
18:40 of 1st period - Brad Richardson is hit by Erik Gustafsson.
18:43 of 1st period - Minor Penalty to Nikolai Zherdev for Holding.
18:44 of 1st period - Jeremy Williams wins face-off versus Cédric Lalonde-McNicoll in Demolitions zone.

2nd period


0:01 of 2nd period - Cédric Lalonde-McNicoll wins face-off versus Masi Marjamaki in neutral zone.
0:34 of 2nd period - Andy Rogers is hit by Guillaume Desbiens and loses puck.
0:43 of 2nd period - Penalty to Nikolai Zherdev is over, Nikolai Zherdev is back on ice.
0:53 of 2nd period - Daniel Rahimi is hit by Jeremy Williams and loses puck.
1:14 of 2nd period - Snap shot by Masi Marjamaki.
1:14 of 2nd period - Stopped by Steve Shields with a rebound.
1:16 of 2nd period - Slapshot by Masi Marjamaki.
1:16 of 2nd period - Shot Blocked by Daniel Rahimi.
1:18 of 2nd period - Snap shot by Anthony Stewart.
1:18 of 2nd period - Stopped by Steve Shields without a rebound.
1:19 of 2nd period - Nicolas Blanchard wins face-off versus Jarod Palmer in National zone.
1:30 of 2nd period - Snap shot by Anthony Stewart.
1:30 of 2nd period - Shot Misses the Net.
1:32 of 2nd period - Snap shot by Nicolas Blanchard.
1:32 of 2nd period - Stopped by Steve Shields with a rebound.
1:44 of 2nd period - Slapshot by Anthony Stewart.
1:44 of 2nd period - Stopped by Steve Shields with a rebound.
1:46 of 2nd period - Wrist shot by Anthony Stewart.
1:46 of 2nd period - Stopped by Steve Shields with a rebound.
1:48 of 2nd period - Snap shot by Anthony Stewart.
1:48 of 2nd period - Shot Blocked by Jarod Palmer.
2:10 of 2nd period - Wrist shot by Nicolas Blanchard.
2:10 of 2nd period - Goal by Nicolas Blanchard - National : 1 - Demolitions : 3.
2:11 of 2nd period - Cédric Lalonde-McNicoll wins face-off versus Marco Sturm in neutral zone.
2:11 of 2nd period - Minor Penalty to Dennis Seidenberg for Tripping.
2:12 of 2nd period - Nikolai Zherdev wins face-off versus Cédric Lalonde-McNicoll in Demolitions zone.
4:11 of 2nd period - Penalty to Dennis Seidenberg is over, Dennis Seidenberg is back on ice.
4:22 of 2nd period - Snap shot by Ben Maxwell.
4:22 of 2nd period - Stopped by Antero Niittymaki with a rebound.
4:24 of 2nd period - Wrist shot by Ben Maxwell.
4:24 of 2nd period - Stopped by Antero Niittymaki with a rebound.
4:26 of 2nd period - Slapshot by Daniel Rahimi.
4:26 of 2nd period - Stopped by Antero Niittymaki without a rebound.
4:27 of 2nd period - Ben Maxwell wins face-off versus Nicolas Blanchard in Demolitions zone.
4:40 of 2nd period - Wrist shot by Ben Maxwell.
4:40 of 2nd period - Stopped by Antero Niittymaki without a rebound.
4:41 of 2nd period - Cédric Lalonde-McNicoll wins face-off versus Ryan Craig in Demolitions zone.
5:06 of 2nd period - Dustin Kohn is hit by Nikolai Zherdev and loses puck.
6:22 of 2nd period - Off-side.
6:23 of 2nd period - Rico Fata wins face-off versus Ryan Craig in neutral zone.
6:38 of 2nd period - Snap shot by Ryan Craig.
6:38 of 2nd period - Shot Misses the Net.
6:48 of 2nd period - Marco Sturm is hit by Jonathan Cheechoo and loses puck.
7:06 of 2nd period - Dennis Seidenberg is hit by Mathieu Carle and loses puck.
7:09 of 2nd period - Snap shot by Dennis Seidenberg.
7:09 of 2nd period - Stopped by Steve Shields with a rebound.
7:15 of 2nd period - Snap shot by Anthony Stewart.
7:15 of 2nd period - Stopped by Steve Shields without a rebound.
7:16 of 2nd period - Cédric Lalonde-McNicoll wins face-off versus Jeremy Williams in National zone.
8:06 of 2nd period - Snap shot by Anthony Stewart.
8:06 of 2nd period - Shot Blocked by Igor Makarov.
8:08 of 2nd period - Wrist shot by Anthony Stewart.
8:08 of 2nd period - Stopped by Steve Shields with a rebound.
8:10 of 2nd period - Slapshot by Vladimir Mihalik.
8:10 of 2nd period - Shot Misses the Net.
8:12 of 2nd period - Slapshot by Vladimir Mihalik.
8:12 of 2nd period - Deflect By Dustin Kohn.
8:12 of 2nd period - Stopped by Steve Shields with a rebound.
8:27 of 2nd period - Slapshot by Ty Wishart.
8:27 of 2nd period - Stopped by Antero Niittymaki without a rebound.
8:28 of 2nd period - Marco Sturm wins face-off versus Cédric Lalonde-McNicoll in Demolitions zone.
8:43 of 2nd period - Slapshot by Dennis Seidenberg.
8:43 of 2nd period - Stopped by Steve Shields with a rebound.
9:07 of 2nd period - Wrist shot by Jeremy Williams.
9:07 of 2nd period - Goal by Jeremy Williams - National : 1 - Demolitions : 4.
9:08 of 2nd period - Brad Richardson wins face-off versus Cédric Lalonde-McNicoll in neutral zone.
9:17 of 2nd period - Cédric Lalonde-McNicoll is hit by Marco Sturm and loses puck.
9:25 of 2nd period - Off-side.
9:26 of 2nd period - Ryan Craig wins face-off versus Jarod Palmer in neutral zone.
9:43 of 2nd period - Rico Fata is hit by Dennis Seidenberg.
9:53 of 2nd period - Rico Fata is hit by Masi Marjamaki and loses puck.
10:11 of 2nd period - Wrist shot by Rico Fata.
10:11 of 2nd period - Stopped by Antero Niittymaki with a rebound.
10:17 of 2nd period - Wrist shot by Rico Fata.
10:17 of 2nd period - Stopped by Antero Niittymaki with a rebound.
10:19 of 2nd period - Snap shot by Guillaume Desbiens.
10:19 of 2nd period - Stopped by Antero Niittymaki with a rebound.
10:27 of 2nd period - Snap shot by Rico Fata.
10:27 of 2nd period - Stopped by Antero Niittymaki with a rebound.
10:43 of 2nd period - Snap shot by Rico Fata.
10:43 of 2nd period - Stopped by Antero Niittymaki without a rebound.
10:44 of 2nd period - Cédric Lalonde-McNicoll wins face-off versus Brad Richardson in Demolitions zone.
11:28 of 2nd period - Wrist shot by Eric Boulton.
11:28 of 2nd period - Stopped by Antero Niittymaki without a rebound.
11:29 of 2nd period - Brad Richardson wins face-off versus Ben Maxwell in Demolitions zone.
11:36 of 2nd period - Snap shot by Ben Maxwell.
11:36 of 2nd period - Goal by Ben Maxwell - National : 2 - Demolitions : 4.
11:37 of 2nd period - Brad Richardson wins face-off versus Cédric Lalonde-McNicoll in neutral zone.
11:42 of 2nd period - Jonathan Cheechoo is hit by Dennis Seidenberg.
13:15 of 2nd period - Slapshot by Nikolai Zherdev.
13:15 of 2nd period - Stopped by Steve Shields without a rebound.
13:16 of 2nd period - Cédric Lalonde-McNicoll wins face-off versus Brad Richardson in National zone.
13:16 of 2nd period - Cédric Lalonde-McNicoll is hit by Brad Richardson.
13:26 of 2nd period - Slapshot by Jonathan Cheechoo.
13:26 of 2nd period - Shot Misses the Net.
13:28 of 2nd period - Snap shot by Jonathan Cheechoo.
13:28 of 2nd period - Deflect By Eric Boulton.
13:28 of 2nd period - Stopped by Antero Niittymaki with a rebound.
14:07 of 2nd period - Snap shot by Rico Fata.
14:07 of 2nd period - Shot Misses the Net.
14:23 of 2nd period - Slapshot by Ryan Craig.
14:23 of 2nd period - Stopped by Steve Shields with a rebound.
14:25 of 2nd period - Snap shot by Jeremy Williams.
14:25 of 2nd period - Shot Misses the Net.
14:41 of 2nd period - Wrist shot by Nikolai Zherdev.
14:41 of 2nd period - Shot Blocked by William Colbert.
14:47 of 2nd period - Slapshot by Mathieu Carle.
14:47 of 2nd period - Stopped by Antero Niittymaki with a rebound.
14:49 of 2nd period - Wrist shot by Cédric Lalonde-McNicoll.
14:49 of 2nd period - Stopped by Antero Niittymaki with a rebound.
14:51 of 2nd period - Snap shot by Jonathan Cheechoo.
14:51 of 2nd period - Stopped by Antero Niittymaki without a rebound.
14:52 of 2nd period - Jarod Palmer wins face-off versus Petr Vrana in Demolitions zone.
14:55 of 2nd period - Snap shot by Guillaume Desbiens.
14:55 of 2nd period - Deflect By Rico Fata.
14:55 of 2nd period - Shot Misses the Net.
14:55 of 2nd period - Puck is out of play.
14:56 of 2nd period - Ryan Craig wins face-off versus Jarod Palmer in Demolitions zone.
14:56 of 2nd period - Ryan Craig is hit by Rico Fata.
15:50 of 2nd period - Wrist shot by Masi Marjamaki.
15:50 of 2nd period - Stopped by Steve Shields without a rebound.
15:51 of 2nd period - Jarod Palmer wins face-off versus Ryan Craig in National zone.
16:17 of 2nd period - Brad Richardson is hit by Mathieu Carle and loses puck.
16:26 of 2nd period - Slapshot by Dennis Seidenberg.
16:26 of 2nd period - Deflect By Nikolai Zherdev.
16:26 of 2nd period - Shot Blocked by Eric Boulton.
16:26 of 2nd period - Puck is out of play.
16:27 of 2nd period - Brad Richardson wins face-off versus Cédric Lalonde-McNicoll in National zone.
16:49 of 2nd period - Minor Penalty to Vladimir Mihalik for Interference.
16:50 of 2nd period - Cédric Lalonde-McNicoll wins face-off versus Nikolai Zherdev in Demolitions zone.
16:53 of 2nd period - Snap shot by Jonathan Cheechoo.
16:53 of 2nd period - Stopped by Antero Niittymaki with a rebound.
16:55 of 2nd period - Snap shot by Eric Boulton.
16:55 of 2nd period - Shot Blocked by Dennis Seidenberg.
16:57 of 2nd period - Snap shot by Cédric Lalonde-McNicoll.
16:57 of 2nd period - Shot Misses the Net.
16:59 of 2nd period - Slapshot by William Colbert.
16:59 of 2nd period - Stopped by Antero Niittymaki with a rebound.
17:45 of 2nd period - Andy Rogers is hit by Cédric Lalonde-McNicoll and loses puck.
18:43 of 2nd period - Marco Sturm is hit by William Colbert and loses puck.
18:49 of 2nd period - Penalty to Vladimir Mihalik is over, Vladimir Mihalik is back on ice.
19:06 of 2nd period - Snap shot by Brad Richardson.
19:06 of 2nd period - Shot Misses the Net.
19:16 of 2nd period - Anton Babchuk is hit by Ben Maxwell and loses puck.
19:47 of 2nd period - Wrist shot by Igor Makarov.
19:47 of 2nd period - Stopped by Antero Niittymaki with a rebound.
19:57 of 2nd period - Slapshot by Dustin Kohn.
19:57 of 2nd period - Stopped by Antero Niittymaki with a rebound.
19:59 of 2nd period - Slapshot by Ty Wishart.
19:59 of 2nd period - Stopped by Antero Niittymaki without a rebound.

3rd period


0:01 of 3rd period - Brad Richardson wins face-off versus Cédric Lalonde-McNicoll in neutral zone.
0:04 of 3rd period - Slapshot by Janne Niskala.
0:04 of 3rd period - Stopped by Steve Shields with a rebound.
0:32 of 3rd period - Wrist shot by Rico Fata.
0:32 of 3rd period - Stopped by Antero Niittymaki with a rebound.
0:54 of 3rd period - Wrist shot by Masi Marjamaki.
0:54 of 3rd period - Shot Misses the Net.
2:20 of 3rd period - Eric Boulton is hit by Vladimir Mihalik and loses puck.
2:41 of 3rd period - Marco Sturm is hit by William Colbert and loses puck.
3:36 of 3rd period - Off-side.
3:37 of 3rd period - Ben Maxwell wins face-off versus Brad Richardson in neutral zone.
3:39 of 3rd period - Off-side.
3:40 of 3rd period - Brad Richardson wins face-off versus Ben Maxwell in neutral zone.
3:43 of 3rd period - Snap shot by Nikolai Zherdev.
3:43 of 3rd period - Shot Misses the Net.
4:04 of 3rd period - Off-side.
4:05 of 3rd period - Masi Marjamaki wins face-off versus Cédric Lalonde-McNicoll in neutral zone.
5:15 of 3rd period - Wrist shot by Brandon Bochenski.
5:15 of 3rd period - Stopped by Steve Shields with a rebound.
5:17 of 3rd period - Wrist shot by Robert Klinkhammer.
5:17 of 3rd period - Shot Misses the Net.
5:19 of 3rd period - Slapshot by Janne Niskala.
5:19 of 3rd period - Shot Misses the Net.
5:21 of 3rd period - Snap shot by James Sheppard.
5:21 of 3rd period - Shot Blocked by Dustin Kohn.
5:23 of 3rd period - Slapshot by James Sheppard.
5:23 of 3rd period - Stopped by Steve Shields without a rebound.
5:24 of 3rd period - Marco Sturm wins face-off versus Jarod Palmer in National zone.
5:53 of 3rd period - Wrist shot by Petr Vrana.
5:53 of 3rd period - Shot Blocked by Daniel Rahimi.
5:55 of 3rd period - Slapshot by Petr Vrana.
5:55 of 3rd period - Stopped by Steve Shields with a rebound.
6:17 of 3rd period - Anthony Stewart is hit by Maksim Mayorov and loses puck.
6:30 of 3rd period - Jarod Palmer is hit by Brad Richardson and loses puck.
7:21 of 3rd period - Minor Penalty to Ben Maxwell for Hooking.
7:22 of 3rd period - Brad Richardson wins face-off versus Eric Boulton in National zone.
9:11 of 3rd period - Maksim Mayorov is hit by Anton Babchuk and loses puck.
9:21 of 3rd period - Penalty to Ben Maxwell is over, Ben Maxwell is back on ice.
9:43 of 3rd period - Dennis Seidenberg is hit by Eric Boulton and loses puck.
9:50 of 3rd period - Slapshot by Janne Niskala.
9:50 of 3rd period - Stopped by Steve Shields with a rebound.
10:03 of 3rd period - Minor Penalty to Alex Grant for Roughing.
10:04 of 3rd period - Eric Boulton wins face-off versus Brad Richardson in National zone.
10:37 of 3rd period - Philip DeSimone is hit by Petr Vrana.
10:41 of 3rd period - Anton Babchuk is hit by Mathieu Carle.
10:51 of 3rd period - Andy Rogers is hit by Guillaume Desbiens and loses puck.
12:03 of 3rd period - Penalty to Alex Grant is over, Alex Grant is back on ice.
12:19 of 3rd period - Snap shot by Anthony Stewart.
12:19 of 3rd period - Shot Misses the Net.
12:21 of 3rd period - Backhand shot by Masi Marjamaki.
12:21 of 3rd period - Stopped by Steve Shields with a rebound.
12:23 of 3rd period - Snap shot by Anthony Stewart.
12:23 of 3rd period - Shot Blocked by Ben Maxwell.
12:42 of 3rd period - Slapshot by James Sheppard.
12:42 of 3rd period - Stopped by Steve Shields with a rebound.
13:16 of 3rd period - Daniel Rahimi is hit by Andy Rogers and loses puck.
14:53 of 3rd period - Backhand shot by Cédric Lalonde-McNicoll.
14:53 of 3rd period - Stopped by Antero Niittymaki without a rebound.
14:54 of 3rd period - Cédric Lalonde-McNicoll wins face-off versus Ryan Craig in Demolitions zone.
16:41 of 3rd period - Minor Penalty to Brad Richardson for Hooking.
16:41 of 3rd period - Minor Penalty to Mathieu Carle for Tripping.
16:42 of 3rd period - Nikolai Zherdev wins face-off versus Eric Boulton in National zone.
16:45 of 3rd period - Snap shot by Nikolai Zherdev.
16:45 of 3rd period - Shot Misses the Net.
16:55 of 3rd period - Slapshot by Rico Fata.
16:55 of 3rd period - Stopped by Antero Niittymaki with a rebound.
17:25 of 3rd period - Slapshot by Janne Niskala.
17:25 of 3rd period - Stopped by Steve Shields with a rebound.
17:31 of 3rd period - Janne Niskala is hit by Guillaume Desbiens and loses puck.
18:19 of 3rd period - Off-side.
18:20 of 3rd period - Jonathan Cheechoo wins face-off versus Masi Marjamaki in neutral zone.
18:31 of 3rd period - Wrist shot by Jonathan Cheechoo.
18:31 of 3rd period - Shot Blocked by Dennis Seidenberg.
18:41 of 3rd period - Penalty to Brad Richardson is over, Brad Richardson is back on ice.
18:41 of 3rd period - Penalty to Mathieu Carle is over, Mathieu Carle is back on ice.
19:20 of 3rd period - Wrist shot by Brad Richardson.
19:20 of 3rd period - Shot Misses the Net.
19:30 of 3rd period - Brad Richardson is hit by Jarod Palmer.


Output by the SimonT Hockey Simulator (STHS) for François Prévost -- Original Page W3C XHTML 1.0 Valid
Hockey Simulator - Hockey Simulation - Hockey Manager